 Dungeon Crawl Stone Soup version 0.30-a0-23-ge60ba3568b (webtiles) character file.

Game seed: 9456103861392238067

235 xian the Chopper (level 5, 0/45 HPs)
             Began as a Draconian Gladiator on Aug 25, 2022.
             Was an Initiate of Ru.
             Slain by a bullfrog (3 damage)
             ... in a sewer.
             The game lasted 00:11:55 (3925 turns).

xian the Chopper (Draconian Gladiator)              Turns: 3925, Time: 00:11:58

Health: 0/45       AC:  6    Str: 24    XL:     5   Next: 76%
Magic:  5/5        EV: 13    Int:  8    God:    Ru [......]
Gold:   110        SH:  0    Dex: 13    Spells: 4/4 levels left

rFire   . . .      SeeInvis .    a - +0 war axe
rCold   . . .      Faith    .    (no shield)
rNeg    . . .      Spirit   .    (body armour unavailable)
rPois   .          Reflect  .    b - +0 hat
rElec   .          Harm     .    m - +0 cloak
rCorr   .          Rampage  .    (no gloves)
Will    .....                    (no boots)
Stlth   +.........               (no amulet)
HPRegen 0.15/turn                q - +6 ring of strength
MPRegen 0.09/turn                (no ring)

@: very slow
A: AC +5, unfitting armour, cold-blooded
a: Renounce Religion


You were in a sewer.
You worshipped Ru.
Ru was noncommittal.
You visited 1 branch of the dungeon, and saw 4 of its levels.
You also visited: Sewer.

You collected 110 gold pieces.

Inventory:

Hand Weapons
 a - a +0 war axe (weapon)
 o - a +0 short sword
Missiles
 c - 3 throwing nets
 d - a javelin
 j - 5 poisoned darts (quivered)
Armour
 b - a +0 hat (worn)
 m - a +0 cloak (worn)
Jewellery
 q - a +6 ring of strength (left hand)
Wands
 e - a wand of quicksilver (5)
Scrolls
 g - a scroll of blinking
 r - a scroll of poison
 s - a scroll of enchant weapon
Potions
 f - a potion of resistance {unknown}
 h - 2 potions of magic
 i - 2 potions of flight
 k - a potion of attraction {unknown}
 l - 2 potions of heal wounds
 n - a potion of cancellation
 p - a potion of invisibility {unknown}


   Skills:
 + Level 3.1 Fighting
 + Level 4.9 Axes
 + Level 1.8 Throwing
 + Level 4.0 Dodging
 + Level 1.2 Stealth


You had 4 spell levels left.
You didn't know any spells.
Your spell library contained the following spells:

 Spells                   Type           Power      Damage    Failure   Level
 Confusing Touch          Hex            0%         N/A       78%         3
 Yara's Violent Unravell  Hex/Tmut       0%         3d3       100%        5
 Enfeeble                 Hex            0%         N/A       100%        7


Dungeon Overview and Level Annotations

Branches:
Dungeon (4/15)              Sewer (1/1)
 Temple: D:4-7

Altars:
Ru

Shops:
D:1 :


Innate Abilities, Weirdness & Mutations

Your plain brown scales are hard. (AC +5)
You cannot fit into any form of body armour.
You are cold-blooded and may be slowed by cold attacks.


Message History

The bullfrog barely misses you. The giant cockroach bites you.
The bullfrog hits you. The endoplasm closely misses you.
The bullfrog closely misses you. The giant cockroach bites you.
The bullfrog hits you. The bullfrog completely misses you.
The endoplasm freezes you.
You are frozen.
You feel as though you will be slow longer.
The bullfrog hits you. The giant cockroach closely misses you.
The bullfrog hits you but does no damage.
The bullfrog hits you.
The giant cockroach bites you but does no damage.
The bullfrog barely misses you. x2; The giant cockroach closely misses you.
The bullfrog hits you. The bullfrog barely misses you.
You enter the shallow water.
Moving in this stuff is going to be slow.
The giant cockroach barely misses you. The bullfrog completely misses you.
The giant cockroach bites you but does no damage.
The bullfrog barely misses you. The bullfrog attacks as you move away!
The bullfrog hits you but does no damage.
The bullfrog attacks as you move away! The bullfrog hits you. x2
* * * LOW HITPOINT WARNING * * *
The giant cockroach waves its antennae.
The bullfrog hits you but does no damage. x4
The bullfrog closely misses you.
It was a potion of cancellation.
Your magical effects are unravelling.
You feel magically purged.
You feel yourself speed up. The bullfrog barely misses you. x2
The bullfrog hits you but does no damage.
The bullfrog closely misses you.
Your unstable footing causes you to fumble your attack.
The bullfrog hits you!
* * * LOW HITPOINT WARNING * * *
The bullfrog hits you but does no damage.
The bullfrog hits you.
* * * LOW HITPOINT WARNING * * *
The bullfrog hits you.
You die...

##.~††.#####~~~..#
#~.~.###~.~###~~~#
#~.~##..~~~~~##~.##
##~.##~~~..~~.†##†.##
#~~~#.~~~~..~~†~~~~~#
#.~##†~†#######~.~..#
##.~#.~~##≈~~~~###~#######
#~..#.~##≈~~~~JF~###~~.~~#
#.~##~~#≈~~.~~BF@~.#~~~~.#
#~~#~~##≈~."..~##..#~~~~.#
#~~#.~#≈~.?($~~~#..#~†#†.#
#~.#~~#≈~.??~~~~#†~#~~#~~#
#~~#~.#≈~~(.~~~~#~~##~#~~#
#~.#~~#≈≈~.~~..≈#~~~#.#.†#
#~.#~~#≈≈.~~.~.≈#~~∩#~#~.#
#††#~~##≈≈~.~~≈##~~.#.#~~#
#~~##~.# #~~###~#..#


You could see 2 bullfrogs, an endoplasm and a giant cockroach.

Vanquished Creatures
  An iguana (D:3)
  7 adders
  2 river rats (D:4)
  2 worms
  4 dart slugs
  3 orcs (D:3)
  13 ball pythons
  12 endoplasms
  15 giant cockroaches
  5 goblins
  4 hobgoblins
  3 kobolds
  14 quokkas
  5 bats
  6 frilled lizards
  7 rats
103 creatures vanquished.

Notes
Turn   | Place    | Note
-------+----------+-------------------------------------------
     0 | D:1      | xian the Draconian Gladiator began the quest for the Orb.
     0 | D:1      | Reached XP level 1. HP: 17/17 MP: 1/1
   199 | D:1      | Reached XP level 2. HP: 20/24 MP: 2/2
   258 | D:1      | Found Xam Wiaf's Book Shoppe.
  1122 | D:2      | Reached XP level 3. HP: 10/30 MP: 3/3
  1644 | D:2      | Found a sacrificial altar of Ru.
  2173 | D:2      | Became a worshipper of Ru the Awakened
  2468 | D:3      | Reached XP level 4. HP: 37/37 MP: 4/4
  3035 | D:4      | Reached skill level 1 in Stealth
  3035 | D:4      | Reached XP level 5. HP: 41/44 MP: 5/5
  3385 | D:4      | Found a glowing drain.
  3413 | Sewer    | Entered a sewer
  3925 | Sewer    | Slain by a bullfrog

Illustrated notes

Levels and vault maps discovered:
D:1:      dpeg_arrival_rooms_a, layout_basic, serial_shops, shop
D:2:      layout_loops_ring, basic_altar
D:3:      layout_rooms, minmay_puff
D:4:      layout_cave_pools, general_overflow_altar, temple_green,
          lightli_sewer_entry_pipes
Sewer:    sewer_frog_island_02

Skill      XL: |  1  2  3  4  5 |
---------------+----------------+-----
Dodging        | 3 4 |  4.0
Axes           | 4 |  4.9
Stealth        | 1 |  1.2
Fighting       | 3 |  3.1
Throwing       | |  1.8

Action                   |  1- 3 |  4- 6 || total
-------------------------+-------+-------++-------
Melee: War axe           |   117 |   217 ||   334
       Tailslap          |    17 |    13 ||    30
Invok: Reject Sacrifices |       |     1 ||     1
  Use: Scroll            |       |     6 ||     6
       Potion            |       |     1 ||     1
 Stab: Sleeping          |     2 |     1 ||     3
Armor: Skin              |    38 |   109 ||   147
Dodge: Dodged            |    78 |   261 ||   339

Table legend: (Time is in decaauts)
 A = Elapsed time spent in this place.
 B = Non-inter-level travel time spent in this place.
 C = Inter-level travel time spent in this place.
 D = Time resting spent in this place.
 E = Time spent auto-exploring this place.
 F = Levels seen in this place.
 G = Mean time per level.
                   A        B        C        D        E       F      G
               +--------+--------+--------+--------+--------+-----+--------+
         Total |   4148 |   4024 |    124 |      0 |   2756 |   5 |  829.6 |
       Dungeon |   3522 |   3398 |    124 |      0 |   2516 |   4 |  880.5 |
         Sewer |    625 |    625 |      0 |      0 |    239 |   1 |  625.0 |
               +--------+--------+--------+--------+--------+-----+--------+

Top non-repeatable levels by time:
     D:2: 1410 daAuts
     D:3: 833 daAuts
     D:1: 826 daAuts
   Sewer: 625 daAuts
     D:4: 452 daAuts
